 Dungeon Crawl Stone Soup version 0.26-a0-639-g72c4674329 (webtiles) character file.

Game seed: 10940553494129137711

680 bobajob1 the Chopper (level 7, -1/61 HPs)
             Began as a Minotaur Berserker on Sept 25, 2020.
             Was a Priest of Trog.
             Slain by Prince Ribbit (2 damage)
             ... on level 5 of the Dungeon.
             The game lasted 00:53:32 (3251 turns).

bobajob1 the Chopper (Minotaur Berserker)           Turns: 3251, Time: 00:53:33

Health: -1/61      AC: 12    Str: 24      XL:     7   Next: 34%
Magic:  6/6        EV:  9    Int:  4      God:    Trog [***...]
Gold:   146        SH:  0    Dex:  8 (9)  Spells: 6/6 levels left

rFire    + . .     SeeInvis .   a - +1 hand axe
rCold    + . .     Faith    .   (no shield)
rNeg     . . .     Spirit   .   u - +0 chain mail {rF+}
rPois    .         Reflect  .   (helmet unavailable)
rElec    .         Harm     .   T - +0 cloak
rCorr    .         Rampage  .   S - +0 pair of gloves
MR       .....                  (no boots)
Stlth    ..........             (no amulet)
HPRegen  0.00/turn              H - ring of ice
MPRegen  0.10/turn              (no ring)

@: mighty
A: retaliatory headbutt, horns 3, deterioration 1, fire resistance 1, inhibited
regeneration
a: Berserk, Trog's Hand, Renounce Religion


You were on level 5 of the Dungeon.
You worshipped Trog.
Trog was most pleased with you.
You visited 2 branches of the dungeon, and saw 6 of its levels.

You collected 191 gold pieces.
You spent 45 gold pieces at shops.

Inventory:

Hand Weapons
 a - a +1 hand axe (weapon)
 d - a +1 dagger of flaming
 e - a +0 falchion
 f - a +0 club
 g - a +0 dagger
 h - a +0 dagger
 i - a +0 club
 l - a +0 dagger
 m - a +0 club
 o - a +0 dagger
 q - a +0 dagger
 r - a +0 club
 s - a +0 mace
 t - a cursed -2 dagger
 w - a +0 whip
 A - a +0 short sword
 B - a +0 dagger
 E - a +0 club
 I - a +0 club
 J - a +0 flail
 K - a +0 mace
 L - a +0 falchion
 P - the cursed +1 spear "Orb Guardian's Peril" {flame, *Drain +Blink rN+ Str+4, unknown}
   (You found it on level 4 of the Dungeon)

   It has been specially enchanted to burn those struck by it, causing extra
   injury to most foes and up to half again as much damage against particularly
   susceptible opponents.
   It affects your strength (+4).
   It protects you from negative energy.
   It lets you blink.
   It causes draining when unequipped.
   It has a curse placed upon it.
 U - a +0 halberd
Missiles
 c - 223 stones
 j - 5 boomerangs (quivered)
 D - 16 poisoned darts
 Q - 6 atropa-tipped darts
 V - 9 arrows
Armour
 b - a +0 animal skin
 k - a +0 chain mail
 n - a +0 ring mail
 u - a +0 chain mail of fire resistance (worn)
 x - a +0 robe
 y - a +0 helmet
 S - a +0 pair of gloves (worn)
 T - a +0 cloak (worn)
Jewellery
 H - a ring of ice (left hand)
 M - a +6 ring of strength {unknown}
Wands
 C - a wand of digging (4)
 N - a wand of flame (7)
 O - a wand of enslavement (4)
 W - a wand of paralysis (4)
Scrolls
 p - a scroll of noise
 z - a scroll of blinking
 G - 3 scrolls of teleportation
Potions
 F - 3 potions of mutation
 R - a potion of haste


   Skills:
 + Level 5.0 Fighting
 + Level 7.2 Axes
 + Level 2.4 Throwing
 + Level 5.2 Armour
 + Level 3.1 Dodging
 + Level 0.8 Stealth
 + Level 0.1 Evocations


You had 6 spell levels left.
You didn't know any spells.
Your spell library was empty.

Dungeon Overview and Level Annotations

Branches:
Dungeon (5/15)             Temple (1/1) D:4

Altars:
Ashenzari
Dithmenos
Elyvilon
Gozag
Hepliaklqana
Kikubaaqudgha
Makhleb
Ru
Trog
Uskayaw
Vehumet
Wu Jian
Xom
Zin
The Shining One

Shops:
D:4 [

Annotations:
D:5 Menkaure, Prince Ribbit


Innate Abilities, Weirdness & Mutations

You reflexively headbutt those who attack you in melee.
You have a pair of large horns on your head.
Your body sometimes deteriorates upon taking damage.
Your flesh is heat resistant. (rF+)
You do not regenerate when monsters are visible.


Message History

Menkaure seems to speed up.
Evoke which item? (* to show all) (? for menu, Esc to quit)
That's the wrong kind of item! (Use * to select it.) Evoke which item? (* to show all) (? for menu, Esc to quit)
Huh?
Evoke which item? (* to show all) (? for menu, Esc to quit)
Press: ? - help, Shift-Dir - straight line, f/p - Menkaure
Aim: Menkaure (fast)
The puff of flame misses the orc.
The puff of flame hits something.
Prince Ribbit hits you!
* * * LOW HITPOINT WARNING * * *
The orc barely misses you. You furiously retaliate!
You headbutt the orc!
You kill the orc!
Trog accepts your kill.
You hear some strange, mumbled words.
Something tries to affect you, but you resist.
You miss Prince Ribbit.
Prince Ribbit is lightly wounded.
Prince Ribbit hits you.
You die...

.......# #..## #.#
.......# #...# #..
.......# #.#.#
.......# #.#.#
.......# #.#.#
.......# #.#.##
.......# #.#..#
##.##### #.##F#
#.## #.##@# #..#
####.##)## ##.#
#....##..#
###.######.##.###M#
....(((....####
##.o.# .P≈≈≈.######
W#o# ≈≈≈≈≈≈≈≈≈ .#
.. ≈≈≈≈≈≈≈≈≈≈≈ .#
## ≈≈≈≈≈c≈≈≈## M.


You could see Prince Ribbit, a phantom and Menkaure (fast).

Vanquished Creatures
  A sky beast (D:5)
  A scorpion (D:4)
  A hound (D:5)
  3 orc priests
  5 orc wizards
  2 worker ants
  8 gnolls
  4 adders (D:4)
  A shadow imp (D:5)
  3 worms
  3 dart slugs (D:1)
  3 leopard geckos
  8 orcs
  6 bats
  A bat zombie (D:3)
  5 giant cockroaches
  9 goblins
  5 hobgoblins
  5 jackals
  7 frilled lizards
  9 kobolds
  11 rats
  3 rat zombies (D:3)
104 creatures vanquished.

Vanquished Creatures (collateral kills)
  A shadow imp (D:5)
1 creature vanquished.

Vanquished Creatures (others)
  An orc wizard (D:5)
  An orc (D:5)
  A plant (D:5)
3 creatures vanquished.

Grand Total: 108 creatures vanquished

Notes
Turn   | Place    | Note
-------+----------+-------------------------------------------
     0 | D:1      | bobajob1 the Minotaur Berserker began the quest for the
                  | Orb.
     0 | D:1      | Reached XP level 1. HP: 19/19 MP: 0/0
    42 | D:1      | Reached skill level 4 in Axes
    46 | D:1      | Reached XP level 2. HP: 11/27 MP: 1/1
   310 | D:1      | Reached XP level 3. HP: 15/33 MP: 2/2
   355 | D:1      | Reached ** piety under Trog
   573 | D:2      | Noticed a moth of wrath
   576 | D:2      | Found a bloodstained altar of Trog.
   885 | D:2      | Gained mutation: Your flesh is heat resistant. (rF+)
                  | [potion of mutation]
   885 | D:2      | Gained mutation: Your body sometimes deteriorates upon
                  | taking damage. [potion of mutation]
   885 | D:2      | Gained mutation: You do not regenerate when monsters are
                  | visible. [potion of mutation]
   885 | D:2      | Gained mutation: You have a pair of large horns on your
                  | head. [potion of mutation]
  1527 | D:3      | Reached XP level 4. HP: 38/41 MP: 3/3
  1528 | D:3      | Reached skill level 5 in Axes
  1530 | D:3      | Reached skill level 1 in Throwing
  1629 | D:3      | Reached XP level 5. HP: 26/47 MP: 4/4
  1631 | D:3      | Reached *** piety under Trog
  1802 | D:3      | Found an ancient bone altar of Kikubaaqudgha.
  1872 | D:3      | Reached skill level 6 in Axes
  2203 | D:4      | Reached XP level 6. HP: 30/53 MP: 5/5
  2363 | D:4      | Got an encrusted spear
  2546 | D:4      | Found a staircase to the Ecumenical Temple.
  2570 | Temple   | Entered the Ecumenical Temple
  2734 | D:4      | Found Riofeqis's Armour Boutique.
  2771 | D:4      | Bought a +0 cloak for 45 gold pieces
  2915 | D:5      | Entered Level 5 of the Dungeon
  2917 | D:5      | Noticed a sky beast
  2919 | D:5      | Killed a sky beast
  2930 | D:5      | Reached XP level 7. HP: 49/60 MP: 6/6
  2978 | D:5      | Reached skill level 7 in Axes
  2978 | D:5      | Reached skill level 5 in Armour
  3097 | D:5      | Reached skill level 5 in Fighting
  3231 | D:5      | Noticed Menkaure
  3231 | D:5      | Noticed Prince Ribbit
  3250 | D:5      | HP: 1/61 [Prince Ribbit (8)]
  3251 | D:5      | Slain by Prince Ribbit

Illustrated notes

Levels and vault maps discovered:
D:1:      dpeg_arrival_round_b, layout_rooms, minmay_ruptured
D:2:      layout_basic, tgw_trog
D:3:      layout_basic, lemuel_zombie_altar_kikubaaqudgha
D:4:      layout_basic, temple_fountains, serial_shops, shop
D:5:      layout_basic, chequers_big_river, uniq_menkaure, uniq_ijyb,
          uniq_prince_ribbit1
Temple:   cyrus_circular_temple

Skill      XL: |  1  2  3  4  5  6  7 |
---------------+----------------------+-----
Axes           | 4 5 6 7 |  7.2
Fighting       | 4 5 |  5.0
Throwing       | 1 2 |  2.4
Armour         | 3 4 5 |  5.2
Dodging        | 3 |  3.1
Stealth        | |  0.8
Evocations     | |  0.1

Action                   |  1- 3 |  4- 6 |  7- 9 || total
-------------------------+-------+-------+-------++-------
Melee: Hand axe          |    98 |    98 |    24 ||   220
       Headbutt          |    14 |    17 |     5 ||    36
Throw: Boomerang         |    18 |     9 |     1 ||    28
       Dart              |     1 |       |       ||     1
Evoke: Wand              |       |     2 |     6 ||     8
  Use: Potion            |     7 |     1 |     3 ||    11
       Scroll            |     6 |     4 |       ||    10
Armor: Animal skin       |     4 |       |       ||     4
       Chain mail        |    49 |    57 |    13 ||   119
Dodge: Dodged            |    50 |    63 |    18 ||   131

Table legend: (Time is in decaauts)
 A = Elapsed time spent in this place.
 B = Non-inter-level travel time spent in this place.
 C = Inter-level travel time spent in this place.
 D = Time resting spent in this place.
 E = Time spent auto-exploring this place.
 F = Levels seen in this place.
 G = Mean time per level.
                   A        B        C        D        E       F      G
               +--------+--------+--------+--------+--------+-----+--------+
         Total |   3242 |   3242 |      0 |     16 |      0 |   6 |  540.3 |
       Dungeon |   3124 |   3124 |      0 |     16 |      0 |   5 |  624.8 |
        Temple |    117 |    117 |      0 |      0 |      0 |   1 |  117.0 |
               +--------+--------+--------+--------+--------+-----+--------+

Top non-repeatable levels by time:
     D:2: 921 daAuts
     D:3: 746 daAuts
     D:4: 658 daAuts
     D:1: 463 daAuts
     D:5: 334 daAuts
  Temple: 117 daAuts
